 Dungeon Crawl Stone Soup version 0.22.0-38-g04b72b8c25 (webtiles) character file.

1920 Freyura the Covert (level 8, -6/63 HPs)
             Began as a Vampire Assassin on Aug 28, 2018.
             Was a Follower of Makhleb.
             Killed by divine providence
             ... invoked by an orc priest
              (11 damage)
             ... on level 7 of the Dungeon.
             The game lasted 00:30:58 (6670 turns).

Freyura the Covert (Vampire Assassin)               Turns: 6670, Time: 00:30:59

Health: -6/63      AC:  3    Str: 13    XL:     8   Next: 96%
Magic:  8/8        EV: 17    Int: 13    God:    Makhleb [*.....]
Gold:   247        SH:  0    Dex: 20    Spells: 7/7 levels left

rFire    . . .     SeeInvis +   r - +5 dagger (speed)
rCold    + + .     Gourm    .   (no shield)
rNeg     + + +     Faith    .   c - +0 robe
rPois    ∞         Spirit   .   (no helmet)
rElec    .         Reflect  .   d - +0 cloak
rCorr    .         Harm     .   (no gloves)
MR       .....                  (no boots)
Stlth    ++++++++..             (no amulet)
HPRegen  0.00/turn              o - ring of positive energy
MPRegen  0.11/turn              u - +3 ring of strength

@: bloodless, non-regenerating
A: fangs 3, camouflage 1, see invisible, agile 1, deterioration 1, unbreathing
a: Bat Form, Renounce Religion


You were on level 7 of the Dungeon.
You worshipped Makhleb.
Makhleb was aware of your devotion.
You were bloodless.

You visited 2 branches of the dungeon, and saw 8 of its levels.
You also visited: Sewer.

You collected 247 gold pieces.

Inventory:

Hand Weapons
 b - a +0 blowgun
 r - a +5 dagger of speed (weapon)
Missiles
 e - 8 poisoned needles
 f - 2 curare-tipped needles
Armour
 c - a +0 robe (worn)
 d - a +0 cloak (worn)
Jewellery
 o - a ring of positive energy (left hand)
 u - a +3 ring of strength (right hand)
Wands
 q - a wand of digging (16)
Scrolls
 i - 4 scrolls of remove curse
 l - 5 scrolls of identify
 v - 3 scrolls of teleportation
 z - a scroll of magic mapping
Potions
 a - a potion of brilliance
 g - 15 potions of blood
 h - a potion of resistance
 k - 5 potions of curing
 m - 2 potions of lignification
 n - a potion of invisibility
 p - 3 potions of haste
 s - 2 potions of might
 w - 2 potions of magic
 x - 3 potions of heal wounds


   Skills:
 + Level 5.5 Fighting
 + Level 6.6 Short Blades
 - Level 1.5 Throwing
 + Level 6.3 Dodging
 + Level 10.6 Stealth
 + Level 0.9 Invocations


You had 7 spell levels left.
You didn't know any spells.
Your spell library contained the following spells:

 Spells                   Type           Power        Failure   Level  Hunger
 Shock                    Conj/Air       #...         30%         1    ##.....
 Swiftness                Chrm/Air       #.......     43%         2    ###....
 Static Discharge         Conj/Air       #.......     67%         3    ####...
 Airstrike                Air            #.........   97%         4    #####..
 Cause Fear               Hex            #.........   97%         4    #####..
 Lightning Bolt           Conj/Air       #.........   100%        5    ######.
 Silence                  Hex/Air        #.........   100%        5    ######.
 Yara's Violent Unravell  Hex/Tmut       #.........   100%        5    ######.
 Deflect Missiles         Chrm/Air       #.........   100%        6    #######
 Discord                  Hex            #.........   100%        8    #######


Dungeon Overview and Level Annotations

Branches:
Dungeon (7/15)             Temple (1/1) D:4

Altars:
Ashenzari
Cheibriados
Dithmenos
Elyvilon
Fedhas
Gozag
Hepliaklqana
Kikubaaqudgha
Makhleb
Nemelex Xobeh
Okawaru
Qazlal
Ru
Sif Muna
Trog
Uskayaw
Vehumet
Wu Jian
Xom
Yredelemnul
Zin
The Shining One


Innate Abilities, Weirdness & Mutations

You do not heal naturally.
You are immune to poison.
You have razor-sharp teeth.
You have supernaturally acute eyesight. (SInv)
You can survive without breathing.
Your skin changes colour to match your surroundings (Stealth+).
You are agile. (Dex +2)
Your body sometimes deteriorates upon taking damage.


Message History

You miss the crimson imp.
The crimson imp is moderately wounded.
The crimson imp barely misses you.
You miss the crimson imp.
The crimson imp is lightly wounded.
The orc wizard is no longer moving quickly.
You hit the crimson imp. Your bite misses the crimson imp.
The crimson imp is moderately wounded.
The orc priest invokes the aid of Beogh against you.
Beogh smites you!
* * * LOW HITPOINT WARNING * * *
The orc wizard mumbles some strange words.
The orc wizard blinks!
The crimson imp misses you.
You hit the crimson imp.
The crimson imp is heavily wounded.
You hit the crimson imp but do no damage.
The crimson imp is heavily wounded.
The orc priest invokes the aid of Beogh against you.
Beogh smites you!
You die...

#. #....# #.###.... #.
#.....#.#
#..###<..#.#####
#...............
#.######.#.#### ..
#........#.#
...####....o###.#####.
.......>...oZ5@.......
...........o###.#####.
..####.....#.....
#.........)..#
+............#
#............#
#............#
#............#
.......<.#...


You could see an orc warrior, an orc priest, a crimson imp, an orc and a howler
monkey zombie.

Vanquished Creatures
  A troll (D:7)
  Sigmund (D:3)
  Eustachio (D:5)
  Edmund (D:5)
  A sky beast (D:6)
  An ogre (D:4)
  A centaur (D:6)
  2 big kobolds (Sewer)
  2 scorpions
  2 howler monkeys (D:5)
  A bullfrog zombie (D:6)
  2 crimson imps (D:5)
  A centaur zombie (D:6)
  An orc priest (D:6)
  2 jellies (D:6)
  A bullfrog skeleton (D:4)
  A hound (D:6)
  3 orc wizards
  2 worker ants
  A hound skeleton (D:5)
  A worker ant zombie (D:5)
  12 adders
  2 river rats
  A shadow imp (D:4)
  3 oozes
  An adder zombie (D:7)
  10 worms
  3 dart slugs
  8 leopard geckos
  16 orcs
  4 ball pythons
  7 bats
  4 giant cockroaches
  10 goblins
  6 hobgoblins
  3 jackals (D:1)
  13 kobolds
  3 quokkas
  6 frilled lizards
  A leopard gecko skeleton (D:5)
  A quokka skeleton (D:5)
  8 rats
  A plant (D:6)
152 creatures vanquished.

Notes
Turn   | Place    | Note
-------+----------+-------------------------------------------
     0 | D:1      | Freyura the Vampire Assassin began the quest for the Orb.
     0 | D:1      | Reached XP level 1. HP: 16/16 MP: 1/1
   115 | D:1      | Reached skill level 6 in Stealth
   155 | D:1      | Reached XP level 2. HP: 21/22 MP: 2/2
   535 | D:1      | Reached XP level 3. HP: 24/27 MP: 3/3
   819 | D:2      | Found a bloodstained altar of Trog.
   870 | D:2      | Noticed a scorpion
   877 | D:2      | Killed a scorpion
   877 | D:2      | Reached XP level 4. HP: 34/34 MP: 4/4
  1837 | D:3      | Reached XP level 5. HP: 40/40 MP: 5/5
  1855 | D:3      | Reached skill level 7 in Stealth
  2123 | D:3      | Found a bloodstained altar of Trog.
  2138 | D:3      | Found a basalt altar of Yredelemnul.
  2229 | D:3      | Noticed Sigmund
  2233 | D:3      | Killed Sigmund
  2233 | D:3      | Reached XP level 6. HP: 47/47 MP: 6/6
  2588 | D:3      | Found a white marble altar of Elyvilon.
  2704 | D:3      | Found an iron altar of Okawaru.
  2770 | D:4      | Found a glowing drain.
  2815 | Sewer    | Entered a sewer
  3284 | Sewer    | Reached skill level 8 in Stealth
  3385 | Sewer    | Reached XP level 7. HP: 15/53 MP: 7/7
  4113 | D:4      | Found a staircase to the Ecumenical Temple.
  4121 | Temple   | Entered the Ecumenical Temple
  4142 | Temple   | Became a worshipper of Makhleb the Destroyer
  4842 | D:4      | Found a glowing silver altar of Zin.
  4864 | D:4      | Found a sparkling altar of Nemelex Xobeh.
  4880 | D:4      | Reached skill level 5 in Short Blades
  5431 | D:5      | Entered Level 5 of the Dungeon
  5524 | D:5      | Noticed Edmund
  5525 | D:5      | Killed Edmund
  5525 | D:5      | Reached skill level 9 in Stealth
  5602 | D:5      | Noticed Eustachio
  5639 | D:5      | Killed Eustachio
  5639 | D:5      | Reached skill level 5 in Dodging
  5639 | D:5      | Reached XP level 8. HP: 44/61 MP: 8/8
  5735 | D:5      | Reached * piety under Makhleb
  5922 | D:5      | Gained mutation: You are agile. (Dex +2) [potion of mutation]
  5922 | D:5      | Gained mutation: Your body sometimes deteriorates upon taking damage. [potion of mutation]
  5922 | D:5      | Gained mutation: Your skin changes colour to match your surroundings (Stealth+). [potion of mutation]
  6128 | D:6      | Reached skill level 5 in Fighting
  6215 | D:6      | Reached skill level 10 in Stealth
  6284 | D:6      | Found a sacrificial altar of Ru.
  6632 | D:7      | Noticed a troll
  6647 | D:7      | Killed a troll
  6670 | D:7      | Killed from afar by an orc priest

Skill      XL: |  1  2  3  4  5  6  7  8 |
---------------+-------------------------+-----
Stealth        | 6 7 8 9 10 | 10.6
Fighting       | 2 3 4 5 |  5.5
Short Blades   | 3 4 5 6 |  6.6
Dodging        | 2 3 4 5 6 |  6.3
Throwing       | |  1.5
Invocations    | |  0.9

Action                   |  1- 3 |  4- 6 |  7- 9 || total
-------------------------+-------+-------+-------++-------
Melee: Dagger            |    61 |   246 |   260 ||   567
       Bite              |     3 |    23 |    33 ||    59
  Use: Scroll            |     7 |     1 |    13 ||    21
       Potion            |       |     4 |     6 ||    10
 Stab: Sleeping          |    11 |    27 |    25 ||    63
       Distracted        |       |       |     2 ||     2
Armor: Robe              |    10 |    15 |    18 ||    43
Dodge: Dodged            |    18 |    77 |   137 ||   232
